 Dungeon Crawl Stone Soup version 0.30-a0-1112-gfb780f5df6 (webtiles) character file.

Game seed: 9517164087642872920

31 Sweetruy1997 the Trooper (level 3, -3/29 HPs)
             Began as a Demonspawn Chaos Knight on Apr 19, 2023.
             Was a Plaything of Xom.
             Slain by Jessica
             ... wielding a +6 club
              (9 damage)
             ... on level 2 of the Dungeon.
             The game lasted 00:03:36 (639 turns).

Sweetruy1997 the Trooper (Demonspawn Chaos Knight)   Turns: 639, Time: 00:03:37

Health: -3/29      AC:  9    Str: 11 (12) XL:     3   Next: 7%
Magic:  3/3        EV: 11    Int: 12 (13) God:    Xom [..*...]
Gold:   36         SH:  0    Dex: 12 (14) Spells: 2/2 levels left

rFire   . . .      SeeInvis .    a - +0 falchion (chaos)
rCold   . . .      Faith    .    (no shield)
rNeg    . . .      Spirit   .    b - +2 leather armour
rPois   +          Reflect  .    (no helmet)
rElec   .          Rampage  .    o - +1 cloak
rCorr   .                        (no gloves)
Will    .....                    (no boots)
Stlth   +                        (no amulet)
HPRegen 0.24/turn                l - ring of poison resistance
MPRegen 0.08/turn                (no ring)

@: no status effects
A: molten scales 1, demonic magic 1, claws 1, MP-powered wands
a: Renounce Religion


You were on level 2 of the Dungeon.
You worshipped Xom.
You were a toy of Xom.
You visited 1 branch of the dungeon, and saw 2 of its levels.

You collected 36 gold pieces.

Inventory:

Hand Weapons
 a - a +0 falchion of chaos (weapon)
Missiles
 g - 2 boomerangs (quivered)
Armour
 b - a +2 leather armour (worn)
 o - a +1 cloak (worn)
Jewellery
 l - a ring of poison resistance (left claw)
Scrolls
 d - a scroll of noise {unknown}
 e - a scroll of poison {unknown}
 f - 3 scrolls of identify {unknown}
 j - 2 scrolls of immolation {unknown}
Potions
 i - 2 potions of degeneration
 k - a potion of magic {unknown}
 m - a potion of cancellation {unknown}
 n - a potion of heal wounds {unknown}
Miscellaneous
 c - a piece from Xom's chessboard (10/15)


   Skills:
 + Level 3.4 Fighting
 + Level 3.1 Long Blades
 + Level 2.1 Armour
 - Level 1.0 Dodging
 + Level 0.5 Evocations


You had 2 spell levels left.
You didn't know any spells.
Your spell library was empty.

Dungeon Overview and Level Annotations

Branches:
Dungeon (2/15)

Altars:

Annotations:
D:2 Jessica


Innate Abilities, Weirdness & Mutations

You are partially covered in molten scales. (AC +2)
Spells you cast may paralyse adjacent enemies.
You have sharp fingernails.
You expend magic power (3 MP) to strengthen your wands.


Message History

The bat hits you but does no damage. The bat closely misses you.
The bat barely misses you. The bat hits you but does no damage. x3
You hit the bat.
The bat seems to speed up.
Xom is highly amused!
The bat is heavily wounded.
The bat barely misses you. The bat hits you but does no damage.
You hit the bat. You burn the bat.
You kill the bat!
Your piece from Xom's chessboard (10/15) has regained one charge.
No target in view!
Jessica the Apprentice Sorceress comes into view.
She is wielding a +6 club.
Jessica shouts!
You hear a shout!
An endoplasm comes into view.
A hobgoblin comes into view.
Jessica hits you with a +6 club.
The hobgoblin shouts!
You slash Jessica!
Jessica seems to grow stronger.
Jessica is severely wounded.
Jessica points at you and mumbles some strange words.
Pain shoots through your body!
A shower of butterflies erupts from you!
You hit Jessica but do no damage.
Jessica is severely wounded.
Your butterfly is engulfed in negative energy.
You kill your butterfly!
Your butterfly disappears in a puff of smoke!
Jessica hits you with a +6 club!
* * * LOW HITPOINT WARNING * * *
Okay, then.
It was a potion of degeneration.
There was something very wrong with that liquid.
You feel weakened.
You feel dopey.
You feel clumsy. Jessica misses you.
It was a potion of mutation.
You feel extremely strange.
You feel your magical essence link to the dungeon's wands.
Your fingernails lengthen.
Xom thinks this is hilarious!
Jessica hits you with a +6 club!
You die...

.....). ♣.♣.♣.♣#. # ##
.......#. .# #..
♣.♣.♣.♣#.# .## #..#
.........# ..######...#
♣.♣.♣#♣..####.#........#
..............#....b...#
####.###...##.#..g.....#
.....#>.....°°°☼@@......
####.#....###†#..J.....#
#.......# #...........
#..#....#.....#.......
#..#.#.##.#.#.####....
###..#.#.#..#.#.# ...#
..)....#.♣. ♣##.. ..#
###....#♣♣. .... ..
###....♣


You could see Jessica (strong, ally target), an endoplasm and a hobgoblin.

Vanquished Creatures
  A dart slug (D:1)
  4 bats
  3 endoplasms (D:1)
  A giant cockroach (D:2)
  2 goblins
  3 hobgoblins (D:1)
  2 jackals (D:1)
  A quokka (D:1)
  A ball python (D:1)
  2 frilled lizards (D:1)
  2 kobolds (D:1)
  4 rats (D:1)
26 creatures vanquished.

Vanquished Creatures (collateral kills)
  A ball python (D:1)
1 creature vanquished.

Vanquished Creatures (others)
  A bat zombie (D:1)
1 creature vanquished.

Grand Total: 28 creatures vanquished

Notes
Turn   | Place    | Note
-------+----------+-------------------------------------------
     0 | D:1      | Sweetruy1997 the Demonspawn Chaos Knight began the quest
                  | for the Orb.
     0 | D:1      | Reached XP level 1. HP: 18/18 MP: 1/1
    71 | D:1      | Reached skill level 1 in Dodging
   151 | D:1      | Gained mutation: You are partially covered in molten
                  | scales. (AC +2) [demonic ancestry]
   151 | D:1      | Reached XP level 2. HP: 22/24 MP: 2/2
   435 | D:1      | XOM: silly message
   563 | D:2      | Gained mutation: Spells you cast may paralyse adjacent
                  | enemies. [demonic ancestry]
   563 | D:2      | Reached XP level 3. HP: 29/29 MP: 3/3
   600 | D:2      | XOM: cloud trail
   632 | D:2      | Noticed Jessica
   636 | D:2      | XOM: butterfly on damage
   639 | D:2      | Gained mutation: You expend magic power (3 MP) to
                  | strengthen your wands. [potion of mutation]
   639 | D:2      | Gained mutation: You have sharp fingernails. [potion of
                  | mutation]
   639 | D:2      | Slain by Jessica

Illustrated notes

Levels and vault maps discovered:
D:1:      shiori_shiawase, layout_rooms
D:2:      layout_basic, serial_forest, infiniplex_forest_clump_cross,
          infiniplex_forest_lined_corner, infiniplex_forest_end_2,
          infiniplex_forest_clump_small, infiniplex_forest_lined_room_2,
          infiniplex_forest_end_2, kennysheep_generic_room_3, uniq_sigmund,
          uniq_jessica

Skill      XL: |  1  2 |
---------------+-------+-----
Dodging        | 1 |  1.0
Armour         | 2 |  2.1
Long Blades    | 3 |  3.1
Fighting       | |  3.4
Evocations     | |  0.5

Action                     || total
---------------------------++-------
  Melee: Falchion          ||    63
  Throw: Boomerang         ||    16
  Evoke: Piece from Xom's  ||     6
    Use: Potion            ||     2
 Armour: Leather armour    ||    38
  Dodge: Dodged            ||    31

Table legend: (Time is in decaauts)
 A = Elapsed time spent in this place.
 B = Non-inter-level travel time spent in this place.
 C = Inter-level travel time spent in this place.
 D = Time resting spent in this place.
 E = Time spent auto-exploring this place.
 F = Levels seen in this place.
 G = Mean time per level.
                   A        B        C        D        E       F      G
               +--------+--------+--------+--------+--------+-----+--------+
         Total |    653 |    633 |     20 |      0 |    437 |   2 |  326.5 |
       Dungeon |    653 |    633 |     20 |      0 |    437 |   2 |  326.5 |
               +--------+--------+--------+--------+--------+-----+--------+

Top non-repeatable levels by time:
     D:1: 522 daAuts
     D:2: 130 daAuts
